 Dungeon Crawl Stone Soup version 0.31-a0-188-g5e087ee2ca (webtiles) character file.

Game seed: 166047017328950732

56 qw the Shooter (level 3, 0/18 HPs)
             Began as a Deep Elf Hunter on June 23, 2023.
             Slain by a kobold
             ... wielding a +0 whip
              (2 damage)
             ... on level 3 of the Dungeon.
             The game lasted 00:00:33 (1109 turns).

qw the Shooter (Deep Elf Hunter)                    Turns: 1109, Time: 00:00:34

Health: 0/18       AC: 12    Str: 10    XL:     3   Next: 71%
Magic:  5/5        EV: 12    Int: 13    God:
Gold:   112        SH:  0    Dex: 18    Spells: 2/2 levels left

rFire   . . .        Y - +0 shortbow
rCold   . . .        (shield currently unavailable)
rNeg    . . .        c - +0 leather armour
rPois   .            a - +2 helmet
rElec   .            (no cloak)
rCorr   .            (no gloves)
SInv    .            (no boots)
Will    +....        (no amulet)
Stlth   ++           h - +4 ring of protection
HPRegen 0.23/turn    (no ring)
MPRegen 0.09/turn

%: no passive effects
@: no status effects
A: iridescent scales 1, frail 1, strong-willed 1
a: no special abilities


You were on level 3 of the Dungeon.
You visited 1 branch of the dungeon, and saw 3 of its levels.

You collected 112 gold pieces.


Innate Abilities, Weirdness & Mutations

You are partially covered in iridescent scales. (AC +2)
You are frail. (-10% HP)
You are strong-willed. (Will+)


   Skills:
 - Level 1.5 Fighting
 + Level 7.2 Ranged Weapons
 - Level 2.4 Dodging
 - Level 1.2 Stealth


You had 2 spell levels left.
You didn't know any spells.
Your spell library was empty.

Inventory:

Hand Weapons
 Y - a +0 shortbow (weapon)
Armour
 a - a +2 helmet (worn)
 c - a +0 leather armour (worn)
 e - a +0 pair of boots
Jewellery
 h - a +4 ring of protection (left hand)
 i - an amulet of the acrobat
Scrolls
 d - a scroll of identify
Potions
 b - a potion of attraction {unknown}
 f - a potion of enlightenment
 g - a potion of might {unknown}
 j - a potion of haste {unknown}

Dungeon Overview and Level Annotations

Branches:
Dungeon (3/15)

Altars:


Message History

You shoot an arrow. The arrow hits the ball python.
You kill the ball python!
Found a mace.
Enter note: A kobold and an iguana come into view.
The iguana hisses angrily.
An adder comes into view.
The kobold moves out of view.
Enter note: You shoot an arrow.
The adder hisses angrily.
The arrow hits the iguana.
The iguana is moderately wounded.
You shoot an arrow. The arrow hits the iguana.
The iguana is heavily wounded.
You shoot an arrow.
The arrow hits the iguana but does no damage.
The iguana is heavily wounded.
The iguana bites you but does no damage.
You shoot an arrow. The arrow hits the iguana!
The iguana is almost dead.
The iguana closely misses you.
The iguana bites you but does no damage.
You shoot an arrow. The arrow closely misses the iguana.
The arrow closely misses the kobold.
The iguana bites you!
Ouch! That really hurt!
You shoot an arrow. The arrow barely misses the iguana.
The iguana bites you but does no damage.
You shoot an arrow.
The arrow hits the iguana but does no damage.
The iguana is almost dead.
The iguana barely misses you. The kobold hits you but does no damage.
You shoot an arrow. The arrow closely misses the iguana.
The iguana barely misses you. The kobold barely misses you.
You shoot an arrow.
The arrow hits the iguana but does no damage.
The iguana is almost dead.
The iguana bites you! The kobold hits you with a +0 whip.
You die...

...##.####.......##
#..##.####.......#
..###...........##.#
..# #..###....###..#
#.# #..# #.####...#
#.# #..#####....# #.#
#........#### #.#
#..#####....###
#.###......####.@K#
#.##..####...:###lS#
#.......###.######.#
#.......###......#..#
#.......#.....##.##.#
#.......#.........#.#
#.......#...).##### .
#.......#.....# .#
###############


You could see an iguana, an adder and a kobold.

Vanquished Creatures
  An adder (D:2)
  2 worms (D:2)
  2 dart slugs (D:2)
  4 endoplasms
  4 giant cockroaches
  3 hobgoblins (D:2)
  5 kobolds
  2 quokkas
  4 ball pythons
  3 bats
  A frilled lizard (D:1)
  5 rats
36 creatures vanquished.

Notes
Turn   | Place    | Note
-------+----------+-------------------------------------------
     0 | D:1      | qw the Deep Elf Hunter began the quest for the Orb.
     0 | D:1      | Reached XP level 1. HP: 12/12 MP: 3/3
     0 | D:1      | 0 ||| qw: Version: 0.3-a-9-g12657ce
     0 | D:1      | 0 ||| qw: Game counter: 3152
     0 | D:1      | 0 ||| qw: Always use a shield: true
     0 | D:1      | 0 ||| qw: God list: Okawaru
     0 | D:1      | 0 ||| qw: Allow faded altars: false
     0 | D:1      | 0 ||| qw: Do Orc after D:15 true
     0 | D:1      | 0 ||| qw: Do second Lair branch before Depths: true
     0 | D:1      | 0 ||| qw: Lair rune preference: random
     0 | D:1      | 0 ||| qw: Plans: Normal
     0 | D:1      | 0 ||| PLANNING D:1-11
   150 | D:1      | Reached skill level 6 in Ranged Weapons
   150 | D:1      | Reached XP level 2. HP: 16/16 MP: 4/4
   400 | D:1      | 400 ||| UPGRADING to +4 ring of protection.
   401 | D:1      | 401 ||| READING scroll labelled POSCHI ADIAMUL.
   402 | D:1      | 402 ||| READING scroll labelled SUDIUL OMO.
   403 | D:1      | 403 ||| READING scroll labelled NAXIECSYATT.
   404 | D:1      | 404 ||| DROPPING scroll of butterflies.
   512 | D:2      | Reached XP level 3. HP: 11/20 MP: 5/5
   621 | D:2      | Reached skill level 7 in Ranged Weapons
   729 | D:2      | You fall into a shaft and drop 1 floor!
   730 | D:3      | 730 ||| UPGRADING to +2 helmet.
   735 | D:3      | 735 ||| DRINKING 2 inky potions.
   735 | D:3      | Gained mutation: You occasionally lose the ability to drink
                  | potions when taking damage. [potion of mutation]
   735 | D:3      | Gained mutation: You are frail. (-10% HP) [potion of
                  | mutation]
   736 | D:3      | 736 ||| DRINKING potion of mutation.
   736 | D:3      | Lost mutation: You are frail. (-10% HP) [potion of
                  | mutation]
   736 | D:3      | Lost mutation: You occasionally lose the ability to drink
                  | potions when taking damage. [potion of mutation]
   736 | D:3      | Gained mutation: You are frail. (-10% HP) [potion of
                  | mutation]
   736 | D:3      | Gained mutation: You are partially covered in iridescent
                  | scales. (AC +2) [potion of mutation]
   736 | D:3      | Gained mutation: You are strong-willed. (Will+) [potion of
                  | mutation]
   737 | D:3      | 737 ||| READING 2 scrolls of identify.
   737 | D:3      | 737 ||| IDENTIFYING fuming clear potion
   891 | D:2      | 891 ||| READING scroll labelled CEGEMU APULU.
  1109 | D:3      | HP: 2/18 [iguana (7)]
  1109 | D:3      | Slain by a kobold

Levels and vault maps discovered:
D:1:      spicycebolla_green_bress_n_ham_2, layout_rooms
D:2:      layout_rooms
D:3:      minmay_general_purpose_star, layout_rooms,
          chequers_temple_overflow_minitemple, uniq_natasha

Skill      XL: |  1  2  3 |
---------------+----------+-----
Ranged Weapons | 6 7 |  7.2
Fighting       | |  1.5
Dodging        | |  2.4
Stealth        | |  1.2

Action                     || total
---------------------------++-------
   Fire: Shortbow          ||   119
    Use: Scroll            ||     5
         Potion            ||     2
 Armour: Leather armour    ||     9
  Dodge: Dodged            ||    14

Table legend:
 A = Non-vault XP
 B = Vault XP
 C = Vault XP percentage of total XP
 D = Non-vault monster count
 E = Vault monster count
 F = Vault count percentage of total count
                 A         B        C        D         E       F
            +---------+---------+-------+---------+---------+-------
      Total |      81 |       0 |   0.0 |      36 |       0 |   0.0
            +---------+---------+-------+---------+---------+-------
        D:1 |      17 |       0 |   0.0 |      11 |       0 |   0.0
        D:2 |      55 |       0 |   0.0 |      19 |       0 |   0.0
        D:3 |       9 |       0 |   0.0 |       6 |       0 |   0.0
            +---------+---------+-------+---------+---------+-------
